| TOP OF THE 1ST |
|
Boston Red Sox batting - Pitching for Chicago White Sox : RHP Tadatoki Yoshida
|
|
Pitching: RHP Tadatoki Yoshida
|
|
|
Batting: SHB Robbie Rogers
|
0-0: Ball 1-0: Swinging Strike 1-1: Ground out 4-3 (Groundball, 4, EV 76.9 MPH)
|
|
Batting: LHB Kevin McCormic Jr.
|
0-0: Swinging Strike 0-1: SINGLE (Groundball, 56D, EV 96.3 MPH)
|
|
Batting: SHB Mark Rennie
|
0-0: Ball 1-0: Foul Ball, location: 2F 1-1: Ball 2-1: Foul Ball, location: 2F 2-2: Fly out, F4 (Flyball, 34D, EV 85.6 MPH)
|
|
Batting: SHB Rich Chavez
|
0-0: Ball 1-0: Ball 2-0: Ground out 6-3 (Groundball, 6M, EV 102.5 MPH)
|
| Top of the 1st over - 0 runs, 1 hit, 0 errors, 1 left on base; Boston 0 - Chicago 0 |
| BOTTOM OF THE 1ST |
|
Chicago White Sox batting - Pitching for Boston Red Sox : RHP Jeremy Hernandez
|
|
Pitching: RHP Jeremy Hernandez
|
|
|
Batting: LHB Antonio Figueroa
|
0-0: Ball 1-0: Foul Ball, location: 2F 1-1: Ball 2-1: Swinging Strike 2-2: Strikes out swinging
|
|
Batting: SHB Cesar Herrera
|
0-0: Ball 1-0: Ball 2-0: Ball 3-0: Called Strike 3-1: Called Strike 3-2: SOLO HOME RUN (Flyball, 9D, EV 100.0 MPH), Distance : 376 ft
|
|
Batting: LHB Randy Rosenberry
|
0-0: Called Strike 0-1: Foul Ball, location: 2F 0-2: Foul Ball, location: 2F 0-2: Ball 1-2: Foul Ball, location: 2F 1-2: Ball 2-2: Ball 3-2: Fly out, F7 (Flyball, 7, EV 81.9 MPH)
|
|
Batting: LHB Jack Christie
|
0-0: Foul Ball, location: 2F 0-1: Foul Ball, location: 2F 0-2: Ball 1-2: Ball 2-2: Ball 3-2: Fly out, F9 (Flyball, 9LS, EV 83.8 MPH)
|
| Bottom of the 1st over - 1 run, 1 hit, 0 errors, 0 left on base; Boston 0 - Chicago 1 |
| TOP OF THE 2ND |
|
Boston Red Sox batting - Pitching for Chicago White Sox : RHP Tadatoki Yoshida
|
|
Batting: LHB Ernesto Cedillos
|
0-0: Ball 1-0: Foul Ball, location: 2F 1-1: Called Strike 1-2: Ball 2-2: Ball 3-2: Fly out, F9 (Flyball, 9S, EV 80.6 MPH)
|
|
Batting: RHB Manny Vergara
|
0-0: Called Strike 0-1: Ball 1-1: Ball 2-1: Ball 3-1: Fly out, F8 (Flyball, 8RD, EV 101.9 MPH)
|
|
Batting: RHB Nick Esteves
|
0-0: Foul Ball, location: 2F 0-1: Foul Ball, location: 2F 0-2: Foul Ball, location: 2F 0-2: Ball 1-2: Ground out U3 (Groundball, 34, EV 95.6 MPH)
|
| Top of the 2nd over - 0 runs, 0 hits, 0 errors, 0 left on base; Boston 0 - Chicago 1 |
| BOTTOM OF THE 2ND |
|
Chicago White Sox batting - Pitching for Boston Red Sox : RHP Jeremy Hernandez
|
|
Batting: LHB Juan Concepcion
|
0-0: Ball 1-0: Called Strike 1-1: Foul Ball, location: 2F 1-2: Ball 2-2: Fly out, F7 (Flyball, 7, EV 88.1 MPH)
|
|
Batting: RHB Rocky Campbell
|
0-0: Ball 1-0: Foul Ball, location: 2F 1-1: Ball 2-1: Fly out, F4 (Line Drive, 4, EV 72.5 MPH)
|
|
Batting: LHB Brian Feher
|
0-0: Ball 1-0: Swinging Strike 1-1: Ground out 6-3 (Groundball, 6, EV 104.4 MPH)
|
| Bottom of the 2nd over - 0 runs, 0 hits, 0 errors, 0 left on base; Boston 0 - Chicago 1 |
| TOP OF THE 3RD |
|
Boston Red Sox batting - Pitching for Chicago White Sox : RHP Tadatoki Yoshida
|
|
Batting: SHB Greg Prime
|
0-0: Foul Ball, location: 2F 0-1: Ball 1-1: Swinging Strike 1-2: Ball 2-2: Ground out 4-3 (Groundball, 4, EV 78.8 MPH)
|
|
Batting: SHB Brace Harper
|
0-0: Ball 1-0: Foul Ball, location: 2F 1-1: Foul Ball, location: 2F 1-2: Ground out 4-3 (Groundball, 4, EV 88.1 MPH)
|
|
Batting: SHB Robbie Rogers
|
0-0: Ball 1-0: Ground out 4-3 (Groundball, 13, EV 88.1 MPH)
|
| Top of the 3rd over - 0 runs, 0 hits, 0 errors, 0 left on base; Boston 0 - Chicago 1 |
| BOTTOM OF THE 3RD |
|
Chicago White Sox batting - Pitching for Boston Red Sox : RHP Jeremy Hernandez
|
|
Batting: SHB Dan Lash
|
0-0: Called Strike 0-1: Ball 1-1: Foul Ball, location: 2F 1-2: Strikes out swinging
|
|
Batting: RHB Leo Navarro
|
0-0: Called Strike 0-1: Ball 1-1: Ball 2-1: Foul Ball, location: 2F 2-2: Ball 3-2: Strikes out looking
|
|
Batting: LHB Antonio Figueroa
|
0-0: Foul Ball, location: 2F 0-1: Swinging Strike 0-2: Fly out, F6 (Flyball, 56D, EV 85.0 MPH)
|
| Bottom of the 3rd over - 0 runs, 0 hits, 0 errors, 0 left on base; Boston 0 - Chicago 1 |
| TOP OF THE 4TH |
|
Boston Red Sox batting - Pitching for Chicago White Sox : RHP Tadatoki Yoshida
|
|
Batting: LHB Kevin McCormic Jr.
|
0-0: Ball 1-0: Called Strike 1-1: Foul Ball, location: 2F 1-2: Foul Ball, location: 2F 1-2: Foul Ball, location: 2F 1-2: Ground out 4-3 (Groundball, 4, EV 82.5 MPH)
|
|
Batting: SHB Mark Rennie
|
0-0: Called Strike 0-1: Ball 1-1: Foul Ball, location: 2F 1-2: Ball 2-2: Foul Ball, location: 2F 2-2: SINGLE (Groundball, 3D, EV 102.5 MPH)
|
|
Batting: SHB Rich Chavez
|
0-0: Ball 1-0: Swinging Strike 1-1: Ball Mark Rennie steals 2nd base 2-1: Ball 3-1: Base on Balls
|
|
Batting: LHB Ernesto Cedillos
|
0-0: Ball 1-0: Swinging Strike 1-1: Ball 2-1: Foul Ball, location: 2F 2-2: Ball 3-2: DOUBLE (Line Drive, 89D, EV 113.8 MPH) Mark Rennie scores Rich Chavez to third
|
|
Batting: RHB Manny Vergara
|
0-0: Foul Ball, location: 2F 0-1: Ball 1-1: Ball 2-1: Ground out 6-3 (Groundball, 6, EV 107.5 MPH) Rich Chavez scores
|
|
Batting: RHB Nick Esteves
|
0-0: Swinging Strike 0-1: Called Strike 0-2: Fly out, F9 (Flyball, 89D, EV 91.9 MPH)
|
| Top of the 4th over - 2 runs, 2 hits, 0 errors, 1 left on base; Boston 2 - Chicago 1 |
| BOTTOM OF THE 4TH |
|
Chicago White Sox batting - Pitching for Boston Red Sox : RHP Jeremy Hernandez
|
|
Batting: SHB Cesar Herrera
|
0-0: Swinging Strike 0-1: Swinging Strike 0-2: Ball 1-2: Foul Ball, location: 2F 1-2: Foul Ball, location: 2F 1-2: Strikes out swinging
|
|
Batting: LHB Randy Rosenberry
|
0-0: Ball 1-0: SOLO HOME RUN (Flyball, 7D, EV 95.0 MPH), Distance : 354 ft
|
|
Batting: LHB Jack Christie
|
0-0: Ball 1-0: Called Strike 1-1: Ball 2-1: SOLO HOME RUN (Flyball, 9D, EV 97.5 MPH), Distance : 380 ft
|
|
Batting: LHB Juan Concepcion
|
0-0: Ball 1-0: Ground out 4-3 (Groundball, 34D, EV 106.9 MPH)
|
|
Batting: RHB Rocky Campbell
|
0-0: Ball 1-0: Called Strike 1-1: Ball 2-1: Foul Ball, location: 2F 2-2: Foul Ball, location: 2F 2-2: Strikes out swinging
|
| Bottom of the 4th over - 2 runs, 2 hits, 0 errors, 0 left on base; Boston 2 - Chicago 3 |
| TOP OF THE 5TH |
|
Boston Red Sox batting - Pitching for Chicago White Sox : RHP Tadatoki Yoshida
|
|
Batting: SHB Greg Prime
|
0-0: Swinging Strike 0-1: Ball 1-1: Ball 2-1: Foul Ball, location: 2F 2-2: Foul Ball, location: 2F 2-2: Ball 3-2: Strikes out swinging
|
|
Batting: SHB Brace Harper
|
0-0: Swinging Strike 0-1: Ball 1-1: Ball 2-1: Ground out U3 (Groundball, 3, EV 105.6 MPH)
|
|
Batting: SHB Robbie Rogers
|
0-0: SINGLE (Groundball, 34D, EV 108.8 MPH)
|
|
Batting: LHB Kevin McCormic Jr.
|
0-0: Called Strike Robbie Rogers steals 2nd base 0-1: Ball 1-1: SINGLE (Groundball, 56, EV 103.8 MPH) Robbie Rogers to third
|
|
Batting: SHB Mark Rennie
|
0-0: Swinging Strike 0-1: Ball 1-1: Ball 2-1: Called Strike 2-2: SINGLE (Line Drive, 89S, EV 90.6 MPH) Robbie Rogers scores Kevin McCormic Jr. to second
|
|
Pitching: LHP Josh Vaca
|
|
|
Batting: SHB Rich Chavez
|
0-0: Swinging Strike 0-1: Ball 1-1: Ball 2-1: Ball 3-1: Foul Ball, location: 2F 3-2: Strikes out swinging
|
| Top of the 5th over - 1 run, 3 hits, 0 errors, 2 left on base; Boston 3 - Chicago 3 |
| BOTTOM OF THE 5TH |
|
Chicago White Sox batting - Pitching for Boston Red Sox : RHP Jeremy Hernandez
|
|
Batting: LHB Brian Feher
|
0-0: Ball 1-0: Ball 2-0: Ground out U3 (Groundball, 34S, EV 83.1 MPH)
|
|
Batting: SHB Dan Lash
|
0-0: Ball 1-0: Foul Ball, location: 2F 1-1: Ground out 4-3 (Groundball, 4, EV 89.4 MPH)
|
|
Batting: RHB Leo Navarro
|
0-0: Called Strike 0-1: Foul Ball, location: 2F 0-2: Strikes out looking
|
| Bottom of the 5th over - 0 runs, 0 hits, 0 errors, 0 left on base; Boston 3 - Chicago 3 |
| TOP OF THE 6TH |
|
Boston Red Sox batting - Pitching for Chicago White Sox : LHP Josh Vaca
|
|
Batting: LHB Ernesto Cedillos
|
0-0: Foul Ball, location: 2F 0-1: Ball 1-1: Ball 2-1: SINGLE (Flyball, 89S, EV 89.4 MPH)
|
|
Batting: RHB Manny Vergara
|
0-0: Called Strike 0-1: Ground out 5-3 (Groundball, 56S, EV 91.9 MPH) Ernesto Cedillos to second
|
|
Batting: RHB Nick Esteves
|
0-0: Intentional Walk
|
|
Batting: SHB Greg Prime
|
0-0: Ball 1-0: Called Strike 1-1: Foul Ball, location: 2F 1-2: Ball 2-2: Ball 3-2: Ground out 6-3 (Groundball, 56, EV 102.5 MPH) Ernesto Cedillos to third Nick Esteves to second
|
|
Batting: SHB Brace Harper
|
0-0: Ball 1-0: Called Strike 1-1: Foul Ball, location: 2F 1-2: Strikes out swinging, 2-3 out at first.
|
| Top of the 6th over - 0 runs, 1 hit, 0 errors, 2 left on base; Boston 3 - Chicago 3 |
| BOTTOM OF THE 6TH |
|
Chicago White Sox batting - Pitching for Boston Red Sox : RHP Jeremy Hernandez
|
|
Batting: LHB Antonio Figueroa
|
0-0: Foul Ball, location: 2F 0-1: Ball 1-1: Ball 2-1: Ball 3-1: Ground out U3 (Groundball, 3L, EV 87.5 MPH)
|
|
Batting: SHB Cesar Herrera
|
0-0: Swinging Strike 0-1: Ball 1-1: Ball 2-1: Foul Ball, location: 2F 2-2: SINGLE (Groundball, 5L, EV 106.9 MPH) (infield hit)
|
|
Batting: LHB Randy Rosenberry
|
0-0: Ball 1-0: Called Strike 1-1: Foul Ball, location: 2F 1-2: Ground out 4-3 (Groundball, 34, EV 103.1 MPH) Cesar Herrera to second
|
|
Batting: LHB Jack Christie
|
0-0: Foul Ball, location: 2F 0-1: Foul Ball, location: 2F 0-2: SINGLE (Flyball, 9S, EV 86.9 MPH) Cesar Herrera to third Runner from 3rd tries for Home, SAFE, throw by RF to home
|
|
Batting: LHB Juan Concepcion
|
0-0: Foul Ball, location: 2F 0-1: Ball 1-1: Foul Ball, location: 2F 1-2: Foul Ball, location: 2F 1-2: Foul Ball, location: 2F 1-2: Ball 2-2: Ball 3-2: SINGLE (Line Drive, 6M, EV 96.3 MPH) Jack Christie to second Jack Christie to third
|
|
Pitching: RHP Danny Klomp
|
|
|
Batting: RHB Rocky Campbell
|
0-0: Ball 1-0: Foul Ball, location: 2F 1-1: Ground out 5-3 (Groundball, 5S, EV 68.1 MPH)
|
| Bottom of the 6th over - 1 run, 3 hits, 0 errors, 2 left on base; Boston 3 - Chicago 4 |
| TOP OF THE 7TH |
|
Boston Red Sox batting - Pitching for Chicago White Sox : LHP Josh Vaca
|
|
Pitching: RHP Jimmy Seager
|
|
|
Batting: SHB Robbie Rogers
|
0-0: Ball 1-0: Called Strike 1-1: SINGLE (Groundball, 4MD, EV 104.4 MPH)
|
|
Batting: LHB Kevin McCormic Jr.
|
0-0: Ball Robbie Rogers is caught stealing 2nd base 2-6 1-0: Foul Ball, location: 2F 1-1: Called Strike 1-2: Ball 2-2: Strikes out looking
|
|
Batting: SHB Mark Rennie
|
0-0: Swinging Strike 0-1: Ball 1-1: Swinging Strike 1-2: Strikes out swinging
|
| Top of the 7th over - 0 runs, 1 hit, 0 errors, 0 left on base; Boston 3 - Chicago 4 |
| BOTTOM OF THE 7TH |
|
Chicago White Sox batting - Pitching for Boston Red Sox : RHP Danny Klomp
|
|
Batting: LHB Brian Feher
|
0-0: Called Strike 0-1: Ground out 4-3 (Groundball, 4, EV 83.8 MPH)
|
|
Batting: SHB Dan Lash
|
0-0: Foul Ball, location: 2F 0-1: Foul Ball, location: 2F 0-2: Ball 1-2: Ball 2-2: Foul Ball, location: 2F 2-2: Ball 3-2: Fly out, F8 (Flyball, 8LS, EV 88.8 MPH)
|
|
Batting: RHB Leo Navarro
|
0-0: Ball 1-0: Called Strike 1-1: Swinging Strike 1-2: Ball 2-2: Ball 3-2: Fly out, F9 (Line Drive, 9, EV 98.1 MPH)
|
| Bottom of the 7th over - 0 runs, 0 hits, 0 errors, 0 left on base; Boston 3 - Chicago 4 |
| TOP OF THE 8TH |
|
Boston Red Sox batting - Pitching for Chicago White Sox : RHP Jimmy Seager
|
|
Now in LF: Jason Moss
|
|
|
Now in RF: Steve Castleberry
|
|
|
Batting: SHB Rich Chavez
|
0-0: Ball 1-0: Ball 2-0: Ground out 4-3 (Groundball, 4, EV 86.3 MPH)
|
|
Batting: LHB Ernesto Cedillos
|
0-0: Called Strike 0-1: DOUBLE (Line Drive, 78D, EV 108.8 MPH)
|
|
Batting: RHB Manny Vergara
|
0-0: Ball 1-0: Swinging Strike 1-1: Ground out 6-3 (Groundball, 6, EV 101.9 MPH)
|
|
Pinch Hitting: LHB Brian Gray
|
0-0: Called Strike 0-1: Ball 1-1: Ball 2-1: Swinging Strike 2-2: Fly out, F8 (Flyball, 8LD, EV 89.4 MPH)
|
| Top of the 8th over - 0 runs, 1 hit, 0 errors, 1 left on base; Boston 3 - Chicago 4 |
| BOTTOM OF THE 8TH |
|
Chicago White Sox batting - Pitching for Boston Red Sox : RHP Danny Klomp
|
|
Pitching: RHP T.J. Balko
|
|
|
Now in LF: Brian Gray
|
|
|
Now in CF: Mark Rennie
|
|
|
Batting: LHB Antonio Figueroa
|
0-0: Ball 1-0: DOUBLE (Line Drive, 8LD, EV 97.5 MPH)
|
|
Batting: SHB Cesar Herrera
|
0-0: Ball 1-0: Foul Ball, location: 2F 1-1: Sac Bunt to 2R - play at first, batter OUT! 2-3 Antonio Figueroa to third
|
|
Batting: LHB Randy Rosenberry
|
0-0: Ball 1-0: Called Strike 1-1: SINGLE (Groundball, 4D, EV 101.9 MPH) Antonio Figueroa scores
|
|
Batting: LHB Jack Christie
|
0-0: Ball Randy Rosenberry steals 2nd base 1-0: Intentional Walk
|
|
Batting: RHB Steve Castleberry
|
0-0: Foul Ball, location: 2F 0-1: Ball 1-1: Fielders Choice at 2nd, 3-6 (Groundball, 34S, EV 88.1 MPH) Randy Rosenberry to third
|
|
Batting: RHB Rocky Campbell
|
0-0: SINGLE (Flyball, 9, EV 81.3 MPH) Randy Rosenberry scores Steve Castleberry to second Runner from 2nd tries for 3rd, SAFE, throw by RF made to third
|
|
Batting: RHB Jason Moss
|
0-0: Ball 1-0: Ball 2-0: Called Strike 2-1: Ball 3-1: Foul Ball, location: 2F 3-2: Fly out, F8 (Flyball, 78D, EV 105.0 MPH)
|
| Bottom of the 8th over - 2 runs, 3 hits, 0 errors, 2 left on base; Boston 3 - Chicago 6 |
| TOP OF THE 9TH |
|
Boston Red Sox batting - Pitching for Chicago White Sox : RHP Jimmy Seager
|
|
Pitching: RHP Zach Ault
|
|
|
Batting: SHB Greg Prime
|
0-0: Called Strike 0-1: Ball 1-1: Called Strike 1-2: Strikes out swinging
|
|
Batting: SHB Brace Harper
|
0-0: Swinging Strike 0-1: Foul Ball, location: 2F 0-2: Ball 1-2: Ball 2-2: Ball 3-2: Foul Ball, location: 2F 3-2: Base on Balls
|
|
Batting: SHB Robbie Rogers
|
0-0: Fly out, F8 (Line Drive, 8LD, EV 86.3 MPH)
|
|
Batting: LHB Kevin McCormic Jr.
|
0-0: Ball 1-0: Ball 2-0: Ground out 4-3 (Groundball, 4, EV 82.5 MPH)
|
| Top of the 9th over - 0 runs, 0 hits, 0 errors, 1 left on base; Boston 3 - Chicago 6 |
|